 Dungeon Crawl Stone Soup version 0.31-a0-702-gf82c85558f (webtiles) character file.

Game seed: 5255017317746932253

72 qw the Shooter (level 4, -3/28 HPs)
             Began as a Gargoyle Hunter on Sept 8, 2023.
             Slain by a gnoll
             ... wielding a +0 halberd
              (6 damage)
             ... on level 2 of the Dungeon.
             The game lasted 00:00:27 (824 turns).

qw the Shooter (Gargoyle Hunter)                     Turns: 824, Time: 00:00:28

Health: -3/28      AC:  8    Str: 12 (14) XL:     4   Next: 26%
Magic:  4/4        EV: 11    Int:  7 (10) God:
Gold:   105        SH:  0    Dex: 12 (15) Spells: 3/3 levels left

rFire   . . .        Y - +0 shortbow
rCold   . . .        (shield currently unavailable)
rNeg    + . .        c - +0 leather armour
rPois   inf          n - +0 helmet {SInv}
rElec   +            l - +0 cloak
rCorr   .            (no gloves)
SInv    +            (no boots)
Will    .....        j - amulet of the acrobat
Stlth   +            (no ring)
HPRegen 0.24/turn    (no ring)
MPRegen 0.09/turn

%: acrobat
@: no status effects
A: sickness immunity, AC +3, negative energy resistance 1, electricity
resistance, torment resistance 1, petrification resistance
a: no special abilities


You were on level 2 of the Dungeon.
You visited 1 branch of the dungeon, and saw 2 of its levels.

You collected 105 gold pieces.


Innate Abilities, Weirdness & Mutations

You are immune to sickness and miasma.
Your stone body is resilient. (AC +3)
You are immune to poison.
You resist negative energy. (rN+)
You are resistant to electric shocks. (rElec)
You are resistant to unholy torment.
You are immune to petrification.


   Skills:
 - Level 3.1 Fighting
 + Level 5.1 Ranged Weapons
 - Level 1.0 Armour
 - Level 1.5 Dodging
 - Level 1.1 Stealth


You had 3 spell levels left.
You didn't know any spells.
Your spell library was empty.

Inventory:

Hand Weapons
 Y - a +0 shortbow (weapon)
Armour
 c - a +0 leather armour (worn)
 l - a +0 cloak (worn)
 n - a +0 helmet of see invisible (worn)
Jewellery
 j - an amulet of the acrobat (around neck)
Scrolls
 a - a scroll of teleportation {unknown}
 e - a scroll of identify
Potions
 b - a potion of mutation {unknown}
 i - a potion of cancellation
 k - a potion of heal wounds {unknown}

Dungeon Overview and Level Annotations

Branches:
Dungeon (2/15)

Altars:

Shops:
D:2 [


Message History

You feel your strength returning.
Your Armour skill increases to level 1!
You have reached level 4!
You feel clever.
You start resting.
A gnoll comes into view. It is wielding a +0 spear.
You shoot an arrow. The gnoll shouts!
The arrow hits the gnoll but does no damage.
You shoot an arrow.
The arrow hits the gnoll but does no damage.
You shoot an arrow. The arrow barely misses the gnoll.
You hear a shout!
The gnoll hits you but does no damage.
You shoot an arrow. The arrow hits the gnoll.
The gnoll is lightly wounded.
A gnoll comes into view. It is wielding a +0 halberd.
The gnoll barely misses you. The gnoll completely misses you.
You shoot an arrow. The arrow hits the gnoll!
The gnoll is severely wounded.
The gnoll hits you from afar with a +0 spear.
You shoot an arrow. The arrow barely misses the gnoll. x2
The gnoll hits you from afar with a +0 spear.
You shoot an arrow. The arrow barely misses the gnoll. x2
The gnoll barely misses you.
You shoot an arrow. The arrow hits the gnoll!
You kill the gnoll!
You shoot an arrow. The arrow hits the gnoll.
The gnoll is heavily wounded.
The gnoll hits you but does no damage.
You shoot an arrow. The arrow closely misses the gnoll.
The gnoll hits you but does no damage.
The gnoll hits you from afar with a +0 halberd!
You shoot an arrow. The arrow barely misses the gnoll.
The gnoll hits you from afar with a +0 halberd!
You shoot an arrow. The arrow barely misses the gnoll.
The gnoll hits you from afar with a +0 halberd!
You shoot an arrow. The arrow hits the gnoll.
The gnoll is severely wounded.
The gnoll hits you from afar with a +0 halberd.
You die...

#.##.##..#########
#.#.###.##.##..# #.
...........##..# #.
#######.#####..# #^
#######%........ #.
#.......######..# #.
#<......# ...#######.
#.......###.###.#.......
........@.g..#
..........
#........##..# #.......
#.......)# .# #####.#.
.........# # #.#.
..#.####.) #.#. #. ##.
#.#. . . #.#. .[ ###...
##)..##


You could see a gnoll.

Vanquished Creatures
  3 gnolls (D:2)
  A dart slug (D:2)
  5 endoplasms (D:1)
  2 giant cockroaches
  6 goblins
  3 hobgoblins (D:1)
  2 kobolds (D:1)
  4 quokkas
  A ball python (D:1)
  6 bats
  3 frilled lizards (D:1)
  4 rats
40 creatures vanquished.

Notes
Turn   | Place    | Note
-------+----------+-------------------------------------------
     0 | D:1      | qw the Gargoyle Hunter began the quest for the Orb.
     0 | D:1      | Reached XP level 1. HP: 12/12 MP: 1/1
     0 | D:1      | 0 ||| qw: Version: 0.3-a-76-g4403597
     0 | D:1      | 0 ||| qw: Game counter: 1189
     0 | D:1      | 0 ||| qw: Melee chars always use a shield: true
     0 | D:1      | 0 ||| qw: God list: Okawaru
     0 | D:1      | 0 ||| qw: Allow faded altars: false
     0 | D:1      | 0 ||| qw: Do Orc after clearing Dungeon:15 true
     0 | D:1      | 0 ||| qw: Do second Lair branch before Depths: true
     0 | D:1      | 0 ||| qw: Lair rune preference: random
     0 | D:1      | 0 ||| qw: Goals: Normal
     0 | D:1      | 0 ||| PLANNING D:1-11
    61 | D:1      | Reached XP level 2. HP: 17/17 MP: 2/2
   172 | D:1      | Found a faded altar of an unknown god.
   314 | D:1      | Reached XP level 3. HP: 21/21 MP: 3/3
   322 | D:1      | Reached skill level 5 in Ranged Weapons
   476 | D:1      | 476 ||| UPGRADING to +0 cloak.
   481 | D:1      | 481 ||| UPGRADING to +0 helmet of see invisible.
   486 | D:1      | 486 ||| DROPPING scarf of shadows.
   487 | D:1      | 487 ||| UPGRADING to amulet of the acrobat.
   492 | D:1      | 492 ||| READING scroll labelled OTHUIN ASAXUVE.
   493 | D:1      | 493 ||| READING 3 scrolls labelled XEIRHE WI UGGEL.
   494 | D:1      | 494 ||| READING scroll labelled QYGADI TEIRIH.
   495 | D:1      | 495 ||| READING scroll labelled WETINI FILLI.
   496 | D:1      | 496 ||| READING scroll labelled VEIB DOHESERI.
   497 | D:1      | 497 ||| DRINKING 3 white potions.
   498 | D:1      | 498 ||| READING 2 scrolls of identify.
   498 | D:1      | 498 ||| IDENTIFYING viscous purple potion
   499 | D:1      | 499 ||| DROPPING scroll of butterflies.
   500 | D:1      | 500 ||| DROPPING 2 potions of degeneration.
   545 | D:2      | Found Ojeshy's Antique Armour Shoppe.
   551 | D:2      | 551 ||| SHOPLISTING embroidered scarf (184 gold, have 34).
   551 | D:2      | 551 ||| SHOPLISTING ring mail (92 gold, have 34).
   804 | D:2      | Reached skill level 3 in Fighting
   809 | D:2      | Reached skill level 1 in Armour
   809 | D:2      | Reached XP level 4. HP: 26/28 MP: 4/4
   823 | D:2      | HP: 2/28 [gnoll/+0 halberd (9)]
   824 | D:2      | Slain by a gnoll

Levels and vault maps discovered:
D:1:      sevenhm_arrival_forest_fort_small_3, layout_rooms,
          chequers_ecumenical_altar_island
D:2:      layout_loops_cross, serial_shops, nicolae_shop_rolling_square

Skill      XL: |  1  2  3 |
---------------+----------+-----
Ranged Weapons | 5 |  5.1
Fighting       | 3 |  3.1
Armour         | 1 |  1.0
Dodging        | |  1.5
Stealth        | |  1.1

Action                     |  1- 3 |  4- 6 || total
---------------------------+-------+-------++-------
   Fire: Shortbow          |    93 |    13 ||   106
    Use: Scroll            |     6 |       ||     6
         Potion            |     1 |       ||     1
 Armour: Leather armour    |    19 |     9 ||    28
  Dodge: Dodged            |     8 |     3 ||    11

Table legend:
 A = Non-vault XP
 B = Vault XP
 C = Vault XP percentage of total XP
 D = Non-vault monster count
 E = Vault monster count
 F = Vault count percentage of total count
                 A         B        C        D         E       F
            +---------+---------+-------+---------+---------+-------
      Total |     104 |       0 |   0.0 |      40 |       0 |   0.0
            +---------+---------+-------+---------+---------+-------
        D:1 |      45 |       0 |   0.0 |      28 |       0 |   0.0
        D:2 |      59 |       0 |   0.0 |      12 |       0 |   0.0
            +---------+---------+-------+---------+---------+-------
